 Dungeon Crawl Stone Soup version 0.31-a0-200-gbc41564c69 (webtiles) character file.

Game seed: 618667445415088796

407 qw the Skirmisher (level 6, 0/35 HPs)
             Began as a Deep Elf Hunter on June 25, 2023.
             Slain by a hound (5 damage)
             ... on level 5 of the Dungeon.
             The game lasted 00:01:11 (2795 turns).

qw the Skirmisher (Deep Elf Hunter)                 Turns: 2795, Time: 00:01:11

Health: 0/35       AC:  7    Str: 10    XL:     6   Next: 57%
Magic:  8/8        EV: 11    Int: 14    God:
Gold:   144        SH:  0    Dex: 18    Spells: 5/5 levels left

rFire   . . .        Y - +1 shortbow
rCold   . . .        (shield currently unavailable)
rNeg    . . .        h - +0 ring mail
rPois   .            (no helmet)
rElec   .            a - +0 cloak
rCorr   .            (no gloves)
SInv    .            d - +0 pair of boots
Will    .....        i - amulet of regeneration
Stlth   +            (no ring)
HPRegen 1.05/turn    (no ring)
MPRegen 0.11/turn

%: no passive effects
@: no status effects
A: no striking features
a: no special abilities


You were on level 5 of the Dungeon.
You visited 1 branch of the dungeon, and saw 5 of its levels.

You collected 144 gold pieces.


   Skills:
 - Level 2.2 Fighting
 + Level 9.6 Ranged Weapons
 - Level 1.7 Armour
 - Level 2.4 Dodging
 - Level 1.2 Stealth


You had 5 spell levels left.
You didn't know any spells.
Your spell library was empty.

Inventory:

Hand Weapons
 Y - a +1 shortbow (weapon)
Armour
 a - a +0 cloak (worn)
 d - a +0 pair of boots (worn)
 h - a +0 ring mail (worn)
Jewellery
 i - an amulet of regeneration (around neck)
Scrolls
 c - a scroll of poison {unknown}
 g - a scroll of identify
Potions
 b - a potion of curing
 e - a potion of mutation
 j - a potion of enlightenment
 k - a potion of cancellation

Dungeon Overview and Level Annotations

Branches:
Dungeon (5/15)
 Temple: D:4-7

Altars:


Message History

A kobold comes into view. It is wielding a +0 short sword.
The kobold closely misses you. The kobold brigand closely misses you.
The hound misses you.
You shoot an arrow. The kobold shouts!
The arrow hits the hound.
The hound is severely wounded.
The hound bites you. The kobold closely misses you.
The kobold brigand closely misses you.
You shoot an arrow. The arrow hits the hound!
You kill the hound!
The kobold hits you but does no damage.
The kobold brigand hits you with a +0 dagger.
You shoot an arrow. The arrow barely misses the hound.
The hound bites you. The kobold barely misses you.
The kobold hits you with a +0 dagger.
The kobold brigand hits you but does no damage.
The hound bites you.
You shoot an arrow. The arrow hits the hound.
The hound is moderately wounded.
The kobold barely misses you.
The kobold hits you but does no damage. x2
The kobold brigand hits you with a +0 dagger.
The hound bites you.
You shoot an arrow.
The arrow hits the hound but does no damage.
The hound is moderately wounded.
The hound bites you but does no damage. The kobold misses you.
The kobold hits you with a +0 dagger. The kobold hits you with a +0 whip.
The kobold brigand hits you with a +0 dagger.
The hound completely misses you. The kobold barely misses you.
The kobold closely misses you. The kobold completely misses you.
The kobold brigand hits you with a +0 dagger.
You shoot an arrow. The arrow closely misses the hound.
The hound bites you. The hound closely misses you.
The kobold hits you but does no damage. The kobold barely misses you.
The kobold brigand barely misses you. The kobold hits you but does no damage.
You shoot an arrow. The arrow hits the hound.
The hound is severely wounded.
The hound bites you.
You die...

.K ... ....
######....
###.K.#.....
#.KKh.......
#..@Ko......
###KK.......
##.###....#
#####..##
....
#.......##
..
#........##
##....>...#
#...#..#....
####...##...


You could see a kobold brigand, a hound, an orc and 5 kobolds.

Vanquished Creatures
  An ogre (D:5)
  A bullfrog (D:4)
  2 hounds
  2 jellies
  3 adders
  A white imp (D:5)
  5 worms
  4 dart slugs
  4 orcs (D:3)
  6 endoplasms
  4 giant cockroaches
  6 goblins
  5 hobgoblins
  6 jackals
  4 quokkas
  9 ball pythons
  4 bats (D:1)
  2 frilled lizards (D:2)
  8 kobolds
  4 rats
81 creatures vanquished.

Notes
Turn   | Place    | Note
-------+----------+-------------------------------------------
     0 | D:1      | qw the Deep Elf Hunter began the quest for the Orb.
     0 | D:1      | Reached XP level 1. HP: 12/12 MP: 3/3
     0 | D:1      | 0 ||| qw: Version: 0.3-a-22-g0ed2b0b
     0 | D:1      | 0 ||| qw: Game counter: 5613
     0 | D:1      | 0 ||| qw: Melee chars always use a shield: true
     0 | D:1      | 0 ||| qw: God list: Okawaru
     0 | D:1      | 0 ||| qw: Allow faded altars: false
     0 | D:1      | 0 ||| qw: Do Orc after clearing Dungeon:15 true
     0 | D:1      | 0 ||| qw: Do second Lair branch before Depths: true
     0 | D:1      | 0 ||| qw: Lair rune preference: random
     0 | D:1      | 0 ||| qw: Goals: Normal
     0 | D:1      | 0 ||| PLANNING D:1-11
     3 | D:1      | Noticed an electric eel
     4 | D:1      | Noticed an electric eel
    41 | D:1      | HP: 1/12 [dart slug/slug dart (6)]
   103 | D:1      | Found a faded altar of an unknown god.
   141 | D:1      | 141 ||| FLEEEEING.
   143 | D:1      | 143 ||| FLEEEEING.
   144 | D:1      | 144 ||| FLEEEEING.
   146 | D:1      | 146 ||| FLEEEEING.
   162 | D:1      | Reached skill level 6 in Ranged Weapons
   162 | D:1      | Reached XP level 2. HP: 14/16 MP: 4/4
   490 | D:1      | Reached XP level 3. HP: 20/20 MP: 5/5
   853 | D:1      | 853 ||| UPGRADING to +0 pair of boots.
   858 | D:1      | 858 ||| READING scroll labelled LYAC XIOSURRA.
   859 | D:1      | 859 ||| READING scroll labelled EBISYZ ANITE.
   860 | D:1      | 860 ||| DROPPING scroll of butterflies.
  1020 | D:2      | Reached skill level 7 in Ranged Weapons
  1354 | D:2      | Reached XP level 4. HP: 25/25 MP: 6/6
  1519 | D:2      | 1519 ||| UPGRADING to +0 ring mail.
  1529 | D:2      | 1529 ||| DROPPING +0 leather armour.
  1530 | D:2      | 1530 ||| UPGRADING to amulet of regeneration.
  1535 | D:2      | 1535 ||| DROPPING ring of wizardry.
  1536 | D:2      | 1536 ||| READING scroll labelled JAOJEDYU BUEP.
  1578 | D:3      | 1578 ||| STAIRDANCE
  1587 | D:3      | 1587 ||| STAIRDANCE
  1690 | D:3      | Reached skill level 8 in Ranged Weapons
  1967 | D:3      | 1967 ||| READING scroll labelled HUETEO UHIE.
  2068 | D:3      | 2068 ||| READING scroll labelled RALLIY HOVOS.
  2069 | D:3      | 2069 ||| READING scroll labelled WODOBU HEECVILUO.
  2070 | D:3      | 2070 ||| READING 3 scrolls labelled HENWAU ER XILU.
  2081 | D:3      | 2081 ||| READING 5 scrolls of identify.
  2081 | D:3      | 2081 ||| IDENTIFYING fuming silvery potion
  2082 | D:3      | 2082 ||| READING 4 scrolls of identify.
  2082 | D:3      | 2082 ||| IDENTIFYING fuming dark potion
  2083 | D:3      | 2083 ||| READING 3 scrolls of identify.
  2083 | D:3      | 2083 ||| IDENTIFYING purple potion
  2084 | D:3      | 2084 ||| READING 2 scrolls of identify.
  2084 | D:3      | 2084 ||| IDENTIFYING grey potion
  2085 | D:3      | 2085 ||| DROPPING potion of attraction.
  2086 | D:3      | 2086 ||| DROPPING 2 scrolls of torment.
  2285 | D:4      | Noticed a bullfrog
  2293 | D:4      | HP: 6/25 [bullfrog (3)]
  2301 | D:4      | HP: 6/25 [bullfrog (2)]
  2302 | D:4      | Killed a bullfrog
  2303 | D:4      | Reached XP level 5. HP: 9/29 MP: 7/7
  2354 | D:4      | Reached skill level 9 in Ranged Weapons
  2483 | D:4      | Reached XP level 6. HP: 35/35 MP: 8/8
  2708 | D:4      | 2708 ||| UPGRADING to +0 cloak.
  2713 | D:4      | 2713 ||| READING 2 scrolls labelled ZOREDW PUETAINUT.
  2714 | D:4      | 2714 ||| READING scroll labelled TUTEIDGH TUOVE.
  2715 | D:4      | 2715 ||| READING 2 scrolls of identify.
  2715 | D:4      | 2715 ||| IDENTIFYING blue potion
  2716 | D:4      | 2716 ||| DROPPING scroll of amnesia.
  2724 | D:5      | Entered Level 5 of the Dungeon
  2733 | D:5      | Reached skill level 1 in Armour
  2780 | D:5      | 2780 ||| Stepping ~*~*~tactically~*~*~ (outnumbered).
  2793 | D:5      | HP: 5/35 [kobold brigand/+0 dagger (5)]
  2795 | D:5      | Slain by a hound

Levels and vault maps discovered:
D:1:      arrival_aquarium_b, layout_loops_ring,
          shapermc_ecumenical_altar_mp_vishouse, minmay_close_crescents
D:2:      layout_loops_ring
D:3:      layout_basic
D:4:      layout_loops_ring
D:5:      layout_cave_pools, xom_butterflies, gammafunk_ghost_nasty_kobolds

Skill      XL: |  1  2  3  4  5  6 |
---------------+-------------------+-----
Ranged Weapons | 6 7 8 9 |  9.6
Fighting       | 2 |  2.2
Armour         | 1 |  1.7
Dodging        | |  2.4
Stealth        | |  1.2

Action                     |  1- 3 |  4- 6 || total
---------------------------+-------+-------++-------
   Fire: Shortbow          |   124 |   130 ||   254
    Use: Scroll            |     2 |    12 ||    14
 Armour: Leather armour    |    11 |       ||    11
         Ring mail         |       |    36 ||    36
  Dodge: Dodged            |    31 |    62 ||    93

Table legend:
 A = Non-vault XP
 B = Vault XP
 C = Vault XP percentage of total XP
 D = Non-vault monster count
 E = Vault monster count
 F = Vault count percentage of total count
                 A         B        C        D         E       F
            +---------+---------+-------+---------+---------+-------
      Total |     577 |       5 |   0.9 |      78 |       3 |   3.7
            +---------+---------+-------+---------+---------+-------
        D:1 |      42 |       5 |  10.6 |      24 |       3 |  11.1
        D:2 |      60 |       0 |   0.0 |      21 |       0 |   0.0
        D:3 |      69 |       0 |   0.0 |      11 |       0 |   0.0
        D:4 |     214 |       0 |   0.0 |      16 |       0 |   0.0
        D:5 |     192 |       0 |   0.0 |       6 |       0 |   0.0
            +---------+---------+-------+---------+---------+-------
